 Dungeon Crawl Stone Soup version 0.27.1-33-g824d729ab1 (webtiles) character file.

Game seed: 7613329785640494054

130 MisterFreud the Chopper (level 5, -4/45 HPs)
             Began as a Hill Orc Abyssal Knight on Dec 10, 2021.
             Was a Believer of Lugonu.
             Slain by a scorpion (8 damage)
             ... on level 7 of the Dungeon.
             The game lasted 00:04:49 (3650 turns).

MisterFreud the Chopper (Hill Orc Abyssal Knight)   Turns: 3650, Time: 00:04:50

Health: -4/45      AC:  8    Str: 16    XL:     5   Next: 14%
Magic:  5/6        EV:  6    Int: 12    God:    Lugonu [**....]
Gold:   188        SH:  0    Dex: 10    Spells: 4/4 levels left

rFire    . . .     SeeInvis .   a - +1 hand axe
rCold    . . .     Faith    .   (no shield)
rNeg     . . .     Spirit   .   n - +0 chain mail
rPois    .         Reflect  .   (no helmet)
rElec    .         Harm     .   (no cloak)
rCorr    .         Rampage  .   (no gloves)
Will     .....                  (no boots)
Stlth    ..........             (no amulet)
HPRegen  0.15/turn              (no ring)
MPRegen  0.10/turn              (no ring)

@: no status effects
A: no striking features
a: Renounce Religion, Depart the Abyss, Bend Space


You were on level 7 of the Dungeon.
You worshipped Lugonu.
Lugonu was pleased with you.
You visited 1 branch of the dungeon, and saw 5 of its levels.
You visited the Abyss 1 time.

You collected 188 gold pieces.

Inventory:

Hand Weapons
 a - a +1 hand axe (weapon)
Missiles
 r - 14 poisoned darts (quivered)
Armour
 k - a +0 scale mail
 n - a +0 chain mail (worn)
Jewellery
 b - a ring of ice
Scrolls
 d - a scroll of holy word
 e - a scroll of teleportation
Potions
 c - a potion of brilliance
 g - a potion of attraction {unknown}
 i - a potion of degeneration {unknown}
 j - a potion of heal wounds {unknown}
 l - a potion of mutation {unknown}
 m - a potion of resistance {unknown}
 q - a potion of lignification {unknown}


   Skills:
 - Level 3.6 Fighting
 + Level 6.8 Axes
 + Level 2.3 Armour
 - Level 0.7 Dodging
 - Level 2.4 Invocations


You had 4 spell levels left.
You didn't know any spells.
Your spell library was empty.

Dungeon Overview and Level Annotations

Branches:
Dungeon (4/15)
 Temple: D:4-7

Altars:
Sif Muna

Annotations:
D:3 1 exclusion
D:4 Dowan, Duvessa


Message History

It was a scroll of fear.
A scorpion comes into view.
The scorpion stings you.
You barely miss the scorpion. The scorpion stings you.
You are poisoned.
The scorpion poisons you!
You hit the scorpion but do no damage.
You feel sick. The scorpion stings you!
You hit the scorpion but do no damage.
You feel sick. The scorpion completely misses you.
You barely miss the scorpion.
You feel sick.
The scorpion stings you but does no damage.
The scorpion stings you.
You hit the scorpion but do no damage.
You feel sick. The scorpion stings you.
You closely miss the scorpion.
You feel sick. The scorpion stings you.
* * * LOW HITPOINT WARNING * * *
You barely miss the scorpion.
You feel sick. The scorpion stings you.
* * * LOW HITPOINT WARNING * * *
You hit the scorpion but do no damage.
You feel sick. The scorpion stings you.
* * * LOW HITPOINT WARNING * * *
Unknown command.
You feel better. The scorpion barely misses you.
Okay, then.
Unknown command.
Space bends around you!
You blink.
You fail to use your ability.
The scorpion stings you.
* * * LOW HITPOINT WARNING * * *
Space bends around you!
You blink.
Throw: 16 darts (poison)
Press: ? - help, Q - select action, (/) - cycle Shift-Dir - straight line, f - scorpion
Aim: a scorpion (54% to hit)
You throw a poisoned dart. The poisoned dart hits the scorpion.
Throw: 15 darts (poison)
Press: ? - help, Q - select action, (/) - cycle Shift-Dir - straight line, f/p - scorpion
Aim: a scorpion (56% to hit)
You throw a poisoned dart. The poisoned dart hits the scorpion.
The scorpion is poisoned.
The scorpion barely misses you.
The scorpion stings you but does no damage.
The scorpion looks more healthy.
The scorpion stings you!
You die...

.###.#..##.####
..............####
..##.#####..[....#
.###. #.##.##.##
.# # ...##.#.#.##
.# ###.##..###)#
># #.####.#.## .#
#.#####.## .#
#......@# .#
#######s# #.#
####.# #....#
#....# #(..##
##(## #.#


You could see a scorpion.

Vanquished Creatures
  An adder (D:3)
  4 gnolls
  A white imp (D:7)
  4 worms (D:2)
  A dart slug (D:1)
  2 orcs
  3 bats
  4 endoplasms
  A giant cockroach (D:3)
  8 goblins
  5 hobgoblins
  3 jackals (D:2)
  7 kobolds
  2 quokkas
  6 ball pythons
  4 frilled lizards
  4 rats
60 creatures vanquished.

Notes
Turn   | Place    | Note
-------+----------+-------------------------------------------
     0 | Abyss:1  | MisterFreud the Hill Orc Abyssal Knight began the quest for
                  | the Orb.
     0 | Abyss:1  | Reached XP level 1. HP: 19/19 MP: 2/2
    31 | Abyss:1  | Noticed a thrashing horror
    31 | Abyss:1  | Noticed a large abomination
    33 | D:1      | Escaped the Abyss
    94 | D:1      | Reached skill level 3 in Axes
   259 | D:1      | Reached * piety under Lugonu
   371 | D:1      | Reached XP level 2. HP: 24/26 MP: 3/3
   501 | D:1      | Reached skill level 4 in Axes
   583 | D:1      | Reached XP level 3. HP: 25/31 MP: 4/4
  1124 | D:2      | Reached skill level 5 in Axes
  1303 | D:2      | Reached XP level 4. HP: 25/39 MP: 5/5
  1325 | D:2      | Reached skill level 6 in Axes
  1575 | D:2      | Found a faded altar of an unknown god.
  1667 | D:2      | Reached ** piety under Lugonu
  2841 | D:3      | Reached XP level 5. HP: 45/45 MP: 6/6
  3098 | D:3      | Found a shimmering blue altar of Sif Muna.
  3332 | D:4      | Noticed an ogre
  3349 | D:4      | Noticed Dowan
  3353 | D:4      | Noticed Duvessa
  3367 | D:4      | You fall into a shaft and drop 3 floors!
  3638 | D:7      | HP: 2/45 [scorpion (2)]
  3650 | D:7      | Slain by a scorpion

Illustrated notes

Levels and vault maps discovered:
D:1:      lemuel_arrival_river_ford, layout_basic, dk_noncrumbling_4
D:2:      layout_basic, chequers_ecumenical_altar_simple,
          hangedman_abyss_or_decor_lesser_grid, minmay_tripent
D:3:      layout_basic, led_sif_book
D:4:      layout_cave_pods, nrook_mini_vaults, uniq_duvessa
D:7:      layout_loops_cross, grunt_temple_overflow_growth_and_decay,
          serial_shops, shop, uniq_pikel

Skill      XL: |  1  2  3  4 |
---------------+-------------+-----
Axes           | 3 4 5 6 |  6.8
Fighting       | |  3.6
Armour         | |  2.3
Dodging        | |  0.7
Invocations    | |  2.4

Action                   |  1- 3 |  4- 6 || total
-------------------------+-------+-------++-------
Melee: Hand axe          |    94 |   127 ||   221
Throw: Dart              |       |     2 ||     2
Invok: Depart the Abyss  |     1 |       ||     1
       Bend Space        |       |     2 ||     2
  Use: Scroll            |     1 |     5 ||     6
       Potion            |       |     2 ||     2
Armor: Leather armour    |    12 |       ||    12
       Scale mail        |     3 |    30 ||    33
       Chain mail        |       |     8 ||     8
Dodge: Dodged            |    44 |    53 ||    97
